 Dungeon Crawl Stone Soup version 0.29-a0-810-g3812dd5c9c (webtiles) character file.

Game seed: 4261196124563993987

53 triguntf the Trooper (level 3, -3/33 HPs)
             Began as a Hill Orc Fighter on July 4, 2022.
             Was a Follower of Zin.
             Slain by Jessica
             ... wielding a +0 dagger
              (5 damage)
             ... on level 2 of the Dungeon.
             The game lasted 00:02:23 (1478 turns).

triguntf the Trooper (Hill Orc Fighter)             Turns: 1478, Time: 00:02:24

Health: -3/33      AC:  8    Str: 20    XL:     3   Next: 87%
Magic:  3/3        EV:  9    Int:  8    God:    Zin [*.....]
Gold:   49         SH:  4    Dex: 10    Spells: 2/2 levels left

rFire   . . .      SeeInvis .   a - +0 war axe
rCold   . . .      Faith    .   c - +0 buckler
rNeg    . . .      Spirit   .   b - +0 scale mail
rPois   .          Reflect  .   (no helmet)
rElec   .          Harm     .   (no cloak)
rCorr   .          Rampage  .   (no gloves)
Will    .....                   i - +0 pair of boots
Stlth   ..........              (no amulet)
HPRegen 0.11/turn               (no ring)
MPRegen 0.08/turn               (no ring)

@: no status effects
A: no striking features
a: Renounce Religion, Recite, Donate Gold


You were on level 2 of the Dungeon.
You worshipped Zin.
Zin was aware of your devotion.
You visited 1 branch of the dungeon, and saw 2 of its levels.

You collected 54 gold pieces.
You donated 5 gold pieces to Zin.

Inventory:

Hand Weapons
 a - a +0 war axe (weapon)
Armour
 b - a +0 scale mail (worn)
 c - a +0 buckler (worn)
 i - a +0 pair of boots (worn)
Jewellery
 g - a ring of positive energy
 m - an amulet of magic regeneration
Scrolls
 f - 3 scrolls of identify {unknown}
 h - a scroll of immolation {unknown}
 j - a scroll of enchant weapon {unknown}
 k - a scroll of vulnerability {unknown}
Potions
 d - a potion of might
 e - 2 potions of cancellation {unknown}
 l - a potion of flight {unknown}


   Skills:
 + Level 4.1 Fighting
 + Level 3.8 Axes
 + Level 3.9 Armour
 + Level 3.6 Shields


You had 2 spell levels left.
You didn't know any spells.
Your spell library contained the following spells:

 Spells                   Type           Power      Damage    Failure   Level
 Apportation              Tloc           0%         N/A       85%         1
 Necrotise                Necr           0%         1d4       85%         1
 Summon Small Mammal      Summ           0%         N/A       85%         1


Dungeon Overview and Level Annotations

Branches:
Dungeon (2/15)

Altars:
Zin

Annotations:
D:2 Jessica


Message History

You block the hobgoblin's attack.
You slash the hobgoblin!
You kill the hobgoblin!
Jessica mumbles something strange.
Jessica zaps a wand.
The bolt of dispelling energy hits you!!
Ouch! That really hurt!
You are too injured to fight recklessly!
You are too injured to fight recklessly!
You are too injured to fight recklessly!
You are too injured to fight recklessly!
You are too injured to fight recklessly!
You are too injured to fight recklessly!
You are too injured to fight recklessly!
You are too injured to fight recklessly!
You are too injured to fight recklessly!
You are too injured to fight recklessly!
You are too injured to fight recklessly!
You are too injured to fight recklessly!
You are too injured to fight recklessly!
You are too injured to fight recklessly!
You are too injured to fight recklessly!
You are too injured to fight recklessly!
You are too injured to fight recklessly!
You are too injured to fight recklessly!
You are too injured to fight recklessly!
You are too injured to fight recklessly!
Unknown command.
You see here a hobgoblin corpse.
Found 13 gold pieces.
Jessica hits you with a +0 dagger.
* * * LOW HITPOINT WARNING * * *
You hit Jessica.
Jessica is lightly wounded.
Jessica points at you and mumbles some strange words.
Pain shoots through your body!
* * * LOW HITPOINT WARNING * * *
You completely miss Jessica.
Jessica is lightly wounded.
Jessica hits you with a +0 dagger.
You die...

##.##..$#..#
#.##.#.#.#...#.#.#.##
#.##...#...#...#...##
#.##.#.#.#...#.#.#.##
#.#..#...##.##...#..#
#.##.#.#.......#.#.##
#.##...##.###.##.@.##
#.##.#.......)?.@#.##
#....##.###.###†##..#
#.##...............##
..###.###.###.###.###
...##################
...# ...# ...# .>.#


You could see Jessica.

Vanquished Creatures
  Robin (D:2)
  A worm (D:2)
  A ball python (D:2)
  2 endoplasms (D:1)
  10 goblins
  7 hobgoblins
  4 jackals (D:2)
  A quokka (D:1)
  4 bats
  2 frilled lizards
  2 kobolds (D:1)
  3 rats
38 creatures vanquished.

Vanquished Creatures (others)
  A hobgoblin (D:2)
1 creature vanquished.

Grand Total: 39 creatures vanquished

Notes
Turn   | Place    | Note
-------+----------+-------------------------------------------
     0 | D:1      | triguntf the Hill Orc Fighter began the quest for the Orb.
     0 | D:1      | Reached XP level 1. HP: 19/19 MP: 1/1
   167 | D:1      | Reached XP level 2. HP: 20/27 MP: 2/2
   756 | D:2      | Reached skill level 4 in Fighting
   814 | D:2      | Identified the +2 helmet of Jeasorra {rPois}
   814 | D:2      | Noticed Robin
   822 | D:2      | Reached XP level 3. HP: 14/33 MP: 3/3
   828 | D:2      | Killed Robin
  1231 | D:2      | Found a faded altar of an unknown god.
  1311 | D:2      | Prayed at the altar of an unknown god.
  1311 | D:2      | Became a worshipper of Zin the Law-Giver
  1311 | D:2      | Reached * piety under Zin
  1471 | D:2      | Noticed Jessica
  1478 | D:2      | Slain by Jessica

Illustrated notes

Levels and vault maps discovered:
D:1:      eino_arrival_water_cross, layout_basic
D:2:      layout_basic, shapermc_ecumenical_altar_rom_forum,
          nicolae_concentric_dashed_squares_mild, uniq_jessica, uniq_robin

Skill      XL: |  1  2 |
---------------+-------+-----
Axes           | 3 |  3.8
Fighting       | 4 |  4.1
Armour         | |  3.9
Shields        | |  3.6

Action                   || total
-------------------------++-------
Melee: War axe           ||   100
Armor: Scale mail        ||    72
Dodge: Dodged            ||    65
Block: Buckler           ||    22

Table legend: (Time is in decaauts)
 A = Elapsed time spent in this place.
 B = Non-inter-level travel time spent in this place.
 C = Inter-level travel time spent in this place.
 D = Time resting spent in this place.
 E = Time spent auto-exploring this place.
 F = Levels seen in this place.
 G = Mean time per level.
                   A        B        C        D        E       F      G
               +--------+--------+--------+--------+--------+-----+--------+
         Total |   1515 |   1424 |     91 |      0 |   1178 |   2 |  757.5 |
       Dungeon |   1515 |   1424 |     91 |      0 |   1178 |   2 |  757.5 |
               +--------+--------+--------+--------+--------+-----+--------+

Top non-repeatable levels by time:
     D:1: 765 daAuts
     D:2: 750 daAuts
